 Dungeon Crawl Stone Soup version 0.28-a0-823-gb444dcf96d (webtiles) character file.

Game seed: 11438820928474265530

9944 Essalna the Destroyer (level 11, -4/86 HPs)
             Began as a Demonspawn Fire Elementalist on Nov 10, 2021.
             Was an Elder of Vehumet.
             Slain by a slime creature (14 damage)
             ... on level 11 of the Dungeon.
             The game lasted 00:24:22 (12826 turns).

Essalna the Destroyer (DsFE)                       Turns: 12826, Time: 00:24:22

Health: -4/86      AC:  3    Str:  8    XL:     11   Next: 29%
Magic:  24/32      EV: 12    Int: 21    God:    Vehumet [****..]
Gold:   660        SH:  5    Dex: 13    Spells: 16/26 levels left

rFire   + . .      SeeInvis .   o - +1 spear (venom)
rCold   x . .      Faith    .   r - +0 buckler
rNeg    . . .      Spirit   .   a - +0 robe
rPois   .          Reflect  .   (no helmet)
rElec   .          Harm     .   (no cloak)
rCorr   .          Rampage  .   (no gloves)
Will    .....                   (no boots)
Stlth   ++........              (no amulet)
HPRegen 0.24/turn               p - ring of magical power
MPRegen 0.46/turn               x - ring of fire

@: no status effects
A: hooves 2, foul stench 2, magic regeneration, sharp scales 1
a: Renounce Religion


You were on level 11 of the Dungeon.
You worshipped Vehumet.
Vehumet was greatly pleased with you.
You visited 3 branches of the dungeon, and saw 13 of its levels.

You collected 660 gold pieces.

Inventory:

Hand Weapons
 c - a +0 rapier
 o - a +1 spear of venom (weapon)
 J - a +3 whip of electrocution
Armour
 a - a +0 robe (worn)
 r - a +0 buckler (worn)
Magical Staves
 l - a staff of air
Jewellery
 i - a ring of flight
 p - a ring of magical power (left hand)
 w - a ring of resist corrosion
 x - a ring of fire (right hand)
 E - a ring of wizardry
 F - a ring of fire
 N - the ring "Ybairghu" {Fly Dex+4}
   (You found it on level 9 of the Dungeon)

   [ring of flight]

   Dex:       It affects your dexterity (+4).
   Fly:       It grants you flight.
Wands
 v - a wand of charming (17)
 D - a wand of acid (9)
 I - a wand of paralysis (12)
 K - a wand of polymorph (13)
 M - a wand of iceblast (10)
 P - a wand of flame (8)
Scrolls
 e - 5 scrolls of identify {unknown}
 g - 2 scrolls of amnesia {unknown}
 h - a scroll of blinking {unknown}
 q - 2 scrolls of teleportation {unknown}
 s - a scroll of fog {unknown}
 t - a scroll of holy word {unknown}
 u - a scroll of torment {unknown}
 y - a scroll of enchant armour {unknown}
 G - a scroll of enchant weapon {unknown}
 H - a scroll of fear {unknown}
 L - a scroll of noise {unknown}
Potions
 b - 3 potions of haste {unknown}
 d - a potion of flight {unknown}
 f - 2 potions of invisibility {unknown}
 j - 5 potions of curing
 k - a potion of berserk rage {unknown}
 m - 2 potions of lignification {unknown}
 n - 3 potions of attraction {unknown}
 z - a potion of degeneration {unknown}
 A - 2 potions of mutation {unknown}
 B - a potion of heal wounds {unknown}
 C - 2 potions of brilliance {unknown}
 O - a potion of cancellation {unknown}


   Skills:
 + Level 7.8 Fighting
 - Level 1.7 Dodging
 - Level 1.7 Stealth
 - Level 4.0 Shields
 + Level 8.4 Spellcasting
 + Level 9.0 Conjurations
 + Level 8.6 Fire Magic


You had 16 spell levels left.
You knew the following spells:

 Your Spells              Type           Power      Damage    Failure   Level
a - Foxfire               Conj/Fire      100%       2x1d9     1%          1
b - Scorch                Fire           100%       2d10      1%          2
c - Flame Wave            Conj/Fire      62%        3d11      1%          4
d - Stone Arrow           Conj/Erth      54%        3d10      1%          3

Your spell library contained the following spells:

 Spells                   Type           Power      Damage    Failure   Level
 Iskenderun's Mystic Bla  Conj/Tloc      27%        2d7       3%          4
 Conjure Flame            Conj/Fire      62%        6-21      1%          3
 Ignite Poison            Fire/Tmut/Pois 31%        N/A       1%          3
 Inner Flame              Hex/Fire       40%        N/A       1%          3
 Mephitic Cloud           Conj/Pois/Air  21%        N/A       1%          3
 Sandblast                Erth           16%        2d6       2%          1
 Animate Skeleton         Necr           16%        N/A       8%          1
 Pain                     Necr           32%        1d5       8%          1
 Slow                     Hex            32%        N/A       8%          1
 Corpse Rot               Necr/Air       16%        N/A       12%         2
 Passwall                 Tmut/Erth      6%         N/A       12%         2
 Freezing Cloud           Conj/Ice/Air   10%        6-21      16%         5
 Confusing Touch          Hex            8%         N/A       22%         3
 Vampiric Draining        Necr           8%         2d6       22%         3
 Dispel Undead            Necr           8%         3d8       58%         4
 Agony                    Necr           8%         N/A       91%         5
 Excruciating Wounds      Necr           4%         N/A       91%         5
 Death Channel            Necr           4%         N/A       100%        6


Dungeon Overview and Level Annotations

Branches:
Dungeon (11/15)            Temple (1/1) D:5            Lair (0/6) D:10
    Orc (1/2) D:9

Altars:
Ashenzari
Cheibriados
Dithmenos
Elyvilon
Fedhas
Gozag
Hepliaklqana
Kikubaaqudgha
Makhleb
Nemelex Xobeh
Okawaru
Qazlal
Ru
Sif Muna
Trog
Uskayaw
Vehumet
Wu Jian
Xom
Yredelemnul
Zin
The Shining One

Shops:
D:1 =   D:7 *

Annotations:
D:9 2 runed translucent doors, juzbaz's ghost, novice GnCA


Innate Abilities, Weirdness & Mutations

You have hoof-like feet.
You sometimes emit foul miasma when damaged in melee.
You regenerate magic rapidly.
You are partially covered in razor-sharp scales. (AC +1, Slay +1)


Message History

The large slime creature is lightly wounded.
Okay, then.
Okay, then.
You feel better.
A large slime creature splits.
Casting: Flame Wave (mildly dangerous; 1% risk of failure)
Confirm with . or Enter, or press ? or * to list all spells.
Casting: Flame Wave (mildly dangerous; 1% risk of failure)
Press: ? - help, Dir - look around, f - activate You feel a surge of power!
A wave of flame ripples out!
The flame wave engulfs the slime creature.
The slime creature is lightly wounded.
The flame wave engulfs the slime creature!!
The slime creature is heavily wounded. (Press . to intensify the flame waves.)
The slime creature barely misses you. The slime creature closely misses you.
A wave of flame ripples out!
The flame wave engulfs the slime creature!!
The slime creature is heavily wounded.
The flame wave engulfs the slime creature!
The slime creature is severely wounded.
The flame wave engulfs the large slime creature!
The large slime creature is lightly wounded.
The flame wave engulfs the orc!!
You kill the orc!
Vehumet accepts your kill.
You feel your power returning. The slime creature hits you!
* * * LOW HITPOINT WARNING * * *
A large slime creature splits.
The slime creature hits you!
* * * LOW HITPOINT WARNING * * *
A wave of flame ripples out!
The flame wave engulfs the slime creature!
The slime creature is severely wounded.
The flame wave engulfs the slime creature!
The slime creature is severely wounded.
The flame wave engulfs the slime creature!
The slime creature is moderately wounded.
The flame wave engulfs the slime creature!!
The slime creature is heavily wounded.
The slime creature hits you!
You die...

.............#
....)........+
......)......#
.....).......#
.......$.....#
.............#
....##...J)..#
... ##...JJ..#
.. #.....J@.#
#........+
#........#
#........#
#........#
##########


You could see 4 slime creatures.

Vanquished Creatures
  Erolcha (D:10)
  3 two-headed ogres
  2 ugly things
  A troll (D:10)
  Grinder (D:3)
  2 slime creatures (D:11)
  A wyvern (D:7)
  A wraith (D:9)
  4 yaks (D:10)
  A steam dragon (D:9)
  A warg (Orc:1)
  An acid dragon (D:9)
  3 water moccasins
  An orc warrior (D:8)
  An ice beast (D:6)
  A black bear (D:7)
  A hornet zombie (D:8)
  2 ogres
  A sky beast (D:4)
  7 wolves (D:10)
  2 centaurs
  A phantom (D:4)
  4 kobold brigands
  2 bullfrogs
  2 scorpions
  2 water moccasin zombies (D:6)
  14 killer bees
  4 wights (D:7)
  2 electric eels (D:10)
  7 howler monkeys
  A centaur zombie (D:9)
  2 bullfrog zombies (D:6)
  2 jellies
  4 hounds
  2 centaur skeletons
  7 orc priests
  2 bullfrog skeletons
  3 iguanas
  Natasha (thrice) (D:2)
  11 orc wizards
  2 howler monkey zombies
  5 gnolls
  5 adders
  A shadow imp (D:7)
  A white imp (D:5)
  A worm (D:2)
  5 dart slugs
  32 orcs
  11 ball pythons
  5 bats
  6 endoplasms
  8 giant cockroaches
  5 hobgoblins
  11 jackals
  6 quokkas
  5 frilled lizards
  10 goblins
  33 kobolds
  4 rats
269 creatures vanquished.

Vanquished Creatures (collateral kills)
  3 foxfires (D:1)
3 creatures vanquished.

Vanquished Creatures (others)
  793 foxfires
  A plant (D:1)
  4 toadstools (D:1)
798 creatures vanquished.

Grand Total: 1070 creatures vanquished

Notes
Turn   | Place    | Note
-------+----------+-------------------------------------------
     0 | D:1      | Essalna the Demonspawn Fire Elementalist began the quest
                  | for the Orb.
     0 | D:1      | Reached XP level 1. HP: 13/13 MP: 3/3
   159 | D:1      | Gained mutation: You may rarely emit foul miasma when
                  | damaged in melee. [demonic ancestry]
   159 | D:1      | Reached XP level 2. HP: 19/19 MP: 3/5
   582 | D:1      | Found Qagog's Jewellery Emporium.
  1156 | D:1      | Gained mutation: You are partially covered in razor-sharp
                  | scales. (AC +1, Slay +1) [demonic ancestry]
  1156 | D:1      | Reached XP level 3. HP: 24/24 MP: 3/6
  1253 | D:1      | Reached skill level 2 in Conjurations
  1521 | D:1      | Found a faded altar of an unknown god.
  2448 | D:2      | Noticed Natasha
  2458 | D:2      | Killed Natasha
  2459 | D:2      | Reached XP level 4. HP: 19/30 MP: 0/8
  3084 | D:2      | Noticed Natasha
  3098 | D:2      | Killed Natasha
  3448 | D:2      | Noticed Natasha
  3516 | D:2      | Killed Natasha
  3517 | D:2      | Reached skill level 3 in Conjurations
  3517 | D:2      | Gained mutation: You sometimes emit foul miasma when
                  | damaged in melee. [demonic ancestry]
  3517 | D:2      | Reached XP level 5. HP: 19/35 MP: 4/9
  3890 | D:3      | Noticed Grinder
  3902 | D:3      | Killed Grinder
  3903 | D:3      | Reached skill level 4 in Conjurations
  3903 | D:3      | Gained mutation: You have large cloven feet. [demonic
                  | ancestry]
  3903 | D:3      | Reached XP level 6. HP: 19/41 MP: 0/12
  4335 | D:3      | Learned a level 2 spell: Scorch
  5065 | D:4      | Gained mutation: You have hoof-like feet. [demonic
                  | ancestry]
  5065 | D:4      | Reached XP level 7. HP: 43/46 MP: 13/13
  5129 | D:4      | Found a hide-covered altar of Uskayaw.
  5360 | D:4      | Reached skill level 1 in Fighting
  5576 | D:4      | Reached skill level 1 in Shields
  5674 | D:4      | Reached skill level 5 in Fire Magic
  6038 | D:4      | Learned a level 4 spell: Flame Wave
  6347 | D:5      | Entered Level 5 of the Dungeon
  6367 | D:5      | Gained mutation: You regenerate magic rapidly. [demonic
                  | ancestry]
  6367 | D:5      | Reached XP level 8. HP: 53/56 MP: 15/15
  6415 | D:5      | Reached skill level 5 in Conjurations
  6567 | D:5      | Found a staircase to the Ecumenical Temple.
  6579 | Temple   | Entered the Ecumenical Temple
  6798 | Temple   | Became a worshipper of Vehumet
  7214 | D:6      | Reached skill level 5 in Spellcasting
  8484 | D:7      | Reached * piety under Vehumet
  8484 | D:7      | Offered knowledge of Shock by Vehumet.
  8604 | D:7      | Reached XP level 9. HP: 65/65 MP: 17/17
  8631 | D:7      | Reached skill level 6 in Conjurations
  8892 | D:7      | Learned a level 3 spell: Stone Arrow
  9007 | D:7      | Found Xuacvug's Island Escapes.
  9687 | D:8      | Reached ** piety under Vehumet
  9687 | D:8      | Offered knowledge of Magic Dart by Vehumet.
  9695 | D:8      | Reached skill level 5 in Fighting
  9839 | D:8      | Noticed a two-headed ogre
  9846 | D:8      | Killed a two-headed ogre
  9847 | D:8      | Reached skill level 7 in Conjurations
 10239 | D:8      | Reached XP level 10. HP: 75/75 MP: 20/20
 10283 | D:9      | Found a large runed translucent door.
 10287 | D:9      | Found a large runed translucent door.
 10289 | D:9      | Noticed juzbaz's ghost (novice GnCA)
 10336 | D:9      | Found a staircase to the Orcish Mines.
 10440 | D:9      | Offered knowledge of Dazzling Flash by Vehumet.
 10446 | D:9      | Noticed a two-headed ogre
 10454 | D:9      | Killed a two-headed ogre
 10693 | D:9      | Reached *** piety under Vehumet
 10694 | D:9      | Noticed a brown ugly thing
 10712 | D:9      | Killed a brown ugly thing
 10713 | D:9      | Reached skill level 8 in Conjurations
 11136 | D:9      | Identified the ring "Ybairghu" {Fly Dex+4}
 11313 | Orc:1    | Entered Level 1 of the Orcish Mines
 11585 | D:10     | Entered Level 10 of the Dungeon
 11928 | D:10     | Noticed Erolcha
 11940 | D:10     | Paralysed by something for 6 turns
 11946 | D:10     | Killed Erolcha
 11955 | D:10     | Reached XP level 11. HP: 67/84 MP: 16/23
 12037 | D:10     | Noticed a white ugly thing
 12045 | D:10     | Killed a white ugly thing
 12247 | D:10     | Offered knowledge of Iskenderun's Mystic Blast by Vehumet.
 12291 | D:10     | Found a staircase to the Lair.
 12416 | D:10     | Noticed a two-headed ogre
 12424 | D:10     | Killed a two-headed ogre
 12564 | D:10     | Reached skill level 9 in Conjurations
 12818 | D:11     | Reached **** piety under Vehumet
 12826 | D:11     | Slain by a slime creature

Illustrated notes

Levels and vault maps discovered:
D:1:      dpeg_arrival_windows_large_door, layout_basic,
          hellmonk_ecumenical_altar_run_dry, serial_shops,
          nicolae_shop_competitors_out_of_business, chequers_big_river,
          minmay_misc_feat_cross, minmay_gold_behind_fungi,
          amcnicky_mini_corridor_feature, grunt_decor_junction,
          minmay_misc_feat_pillars, hex_intersection
D:2:      layout_loops_corners, uniq_natasha
D:3:      layout_loops_ring, minmay_fountain_box, minmay_fractal_squares_5,
          uniq_grinder
D:4:      cheibrodos_barr_body, layout_loops_cross,
          mainiacjoe_overflow_cross_hatched, columned_hall_lemuel, hex_medium
D:5:      layout_basic, minmay_temple_entry_steel_oval
D:6:      layout_basic, serial_curves, eino_curves_01, eino_curves_02,
          grunt_ministairs_12, roderic_roman_lattice
D:7:      layout_loops_corners, hangedman_decor_push, grunt_decor_fettered,
          nicolae_island_escapes
D:8:      layout_cave_pools, lightli_minifort
D:9:      layout_basic, orc_0_dummy, ebering_ghost_disaster_area, moated_statue
D:10:     layout_loops_ring, erik_lair_island, uniq_erolcha
D:11:     layout_gridville, led_sif_book
Temple:   mainiacjoe_temple_archimedes_tessellation
Orc:1:    layout_caves

Skill      XL: |  1  2  3  4  5  6  7  8  9 10 11 |
---------------+----------------------------------+-----
Fire Magic     | 3 4 5 6 7 8 |  8.6
Conjurations   | 2 3 4 5 7 8 9 |  9.0
Spellcasting   | 3 4 5 6 8 |  8.4
Fighting       | 2 3 5 7 |  7.8
Shields        | 1 3 4 |  4.0
Dodging        | |  1.7
Stealth        | |  1.7

Action                   |  1- 3 |  4- 6 |  7- 9 | 10-12 || total
-------------------------+-------+-------+-------+-------++-------
Melee: Unarmed           |     5 |       |       |       ||     5
       Rapier            |    26 |    11 |       |       ||    37
       Spear             |       |    17 |    49 |     9 ||    75
       Kick              |       |     5 |    12 |     2 ||    19
 Cast: Foxfire           |    98 |    84 |   208 |    80 ||   470
       Scorch            |       |     3 |    46 |    19 ||    68
       Flame Wave        |       |       |     6 |    26 ||    32
  Use: Potion            |       |       |       |     1 ||     1
 Stab: Sleeping          |       |       |     4 |     1 ||     5
Armor: Robe              |    13 |    11 |    17 |     5 ||    46
Dodge: Dodged            |    30 |    37 |    57 |    31 ||   155
Block: Buckler           |       |     1 |    29 |     8 ||    38

Table legend: (Time is in decaauts)
 A = Elapsed time spent in this place.
 B = Non-inter-level travel time spent in this place.
 C = Inter-level travel time spent in this place.
 D = Time resting spent in this place.
 E = Time spent auto-exploring this place.
 F = Levels seen in this place.
 G = Mean time per level.
                   A        B        C        D        E       F      G
               +--------+--------+--------+--------+--------+-----+--------+
         Total |  12866 |  12484 |    382 |    410 |  10524 |  13 |  989.7 |
       Dungeon |  12596 |  12248 |    348 |    410 |  10332 |  11 | 1145.1 |
        Temple |    242 |    213 |     29 |      0 |    192 |   1 |  242.0 |
  Orcish Mines |     26 |     21 |      5 |      0 |      0 |   1 |   26.0 |
               +--------+--------+--------+--------+--------+-----+--------+

Top non-repeatable levels by time:
     D:1: 1984 daAuts
     D:2: 1730 daAuts
     D:3: 1365 daAuts
     D:4: 1302 daAuts
     D:7: 1279 daAuts
     D:9: 1278 daAuts
    D:10: 1214 daAuts
     D:6: 1166 daAuts
     D:8: 626 daAuts
     D:5: 621 daAuts
  Temple: 242 daAuts
    D:11: 26 daAuts
   Orc:1: 26 daAuts
